 Dungeon Crawl Stone Soup version 0.29.0-4-gdea44cf6ec (webtiles) character file.

Game seed: 4941927181249041610

33 qw the Sneak (level 3, 0/23 HPs)
             Began as a Gargoyle Delver on Sept 10, 2022.
             Slain by an orc priest
             ... wielding a +0 short sword
              (1 damage)
             ... on level 5 of the Dungeon.
             The game lasted 00:00:02 (61 turns).

qw the Sneak (Gargoyle Delver)                        Turns: 61, Time: 00:00:03

Health: 0/23       AC:  6    Str: 17    XL:     3   Next: 29%
Magic:  3/3        EV: 11    Int: 10    God:
Gold:   0          SH:  0    Dex: 11    Spells: 2/2 levels left

rFire   . . .      SeeInvis .   h - +0 war axe
rCold   . . .      Faith    .   (no shield)
rNeg    + . .      Spirit   .   b - +0 leather armour
rPois   inf        Reflect  .   (no helmet)
rElec   +          Harm     .   (no cloak)
rCorr   .          Rampage  .   (no gloves)
Will    .....                   (no boots)
Stlth   +++.......              (no amulet)
HPRegen 0.07/turn               (no ring)
MPRegen 0.08/turn               (no ring)

@: no status effects
A: sickness immunity, AC +3, negative energy resistance 1, electricity
resistance, torment resistance 1, petrification resistance
a: no special abilities


You were on level 5 of the Dungeon.
You visited 1 branch of the dungeon, and saw 1 of its levels.


Innate Abilities, Weirdness & Mutations

You are immune to sickness and miasma.
Your stone body is resilient. (AC +3)
You are immune to poison.
You resist negative energy. (rN+)
You are resistant to electric shocks. (rElec)
You are resistant to unholy torment.
You are immune to petrification.


   Skills:
 - Level 3.2 Fighting
 + Level 3.3 Axes
 - Level 1.5 Dodging
 - Level 5.4 Stealth


You had 2 spell levels left.
You didn't know any spells.
Your spell library was empty.

Inventory:

Hand Weapons
 h - a +0 war axe (weapon)
Armour
 b - a +0 leather armour (worn)
Wands
 g - a wand of digging (3)
Scrolls
 c - a scroll of fog
 d - a scroll of magic mapping
 e - a scroll of fear
 i - a scroll of identify {unknown}
Potions
 f - a potion of haste

Dungeon Overview and Level Annotations

Branches:
Dungeon (5/15)
 Temple: D:4-7

Altars:


Message History

The orc priest begins to cast a cantrip, but forgets the words!
The hound bites you but does no damage.
You closely miss the orc priest.
The orc priest is heavily wounded.
You closely miss the hound. The hound barely misses you.
The orc priest casts a cantrip, but nothing happens.
The hound closely misses you.
You hit the hound.
The hound is heavily wounded.
You miss something. The hound barely misses you.
Something hits you but does no damage.
The orc priest begins to cast a cantrip, but forgets the words!
The hound bites you but does no damage.
You slash the hound!
You kill the hound!
You barely miss something. You closely miss the orc priest.
The orc priest hits you with a +0 short sword.
Something hits you but does no damage.
Your Axes skill increases to level 3!
You have reached level 2!
You have reached level 3!
Your experience leads to an increase in your attributes!
Increase (S)trength, (I)ntelligence, or (D)exterity?
You feel stronger. x2
You closely miss the orc priest.
The orc priest is heavily wounded.
You hit the orc priest but do no damage.
You barely miss something.
The orc priest looks satisfied for a moment.
Something hits you but does no damage.
The orc priest hits you but does no damage.
The orc priest closely misses you.
The orc priest hits you but does no damage.
Something hits you.
You hit the orc priest.
The orc priest is severely wounded.
You barely miss something.
You hit the orc priest but do no damage.
The orc priest hits you with a +0 short sword.
You die...

##..#...#
#..##..##
#####..###.#
##...#..# ##
##......## .#
#.......## #.##
##.......##..>#
###..........#
##...o@...##
#..##o...#
#...#..)..#
#..#.....<#
.o.........#
............#
............##
............#
.o.........


You could see 2 orc priests.

Vanquished Creatures
  A hound (D:5)
  An orc (D:5)
2 creatures vanquished.

Notes
Turn   | Place    | Note
-------+----------+-------------------------------------------
     0 | D:5      | qw the Gargoyle Delver began the quest for the Orb.
     0 | D:5      | Reached XP level 1. HP: 14/14 MP: 1/1
     0 | D:5      | 0 ||| qw: Version: 0.1-a-116-g5d60599
     0 | D:5      | 0 ||| qw: Game counter: 8970
     0 | D:5      | 0 ||| qw: Always use a shield: true
     0 | D:5      | 0 ||| qw: God list: Okawaru
     0 | D:5      | 0 ||| qw: Allow faded altars: false
     0 | D:5      | 0 ||| qw: Do Orc after D:15 true
     0 | D:5      | 0 ||| qw: Do second Lair branch before Depths: true
     0 | D:5      | 0 ||| qw: Lair rune preference: random
     0 | D:5      | 0 ||| qw: Plans: Normal
     0 | D:5      | 0 ||| PLANNING D:1-11
    12 | D:5      | 12 ||| SWAPPING to +0 war axe.
    13 | D:5      | 13 ||| DROPPING +0 hand axe.
    37 | D:5      | Noticed an orc priest
    38 | D:5      | 38 ||| Stepping ~*~*~tactically~*~*~ (hiding).
    41 | D:5      | 41 ||| Stepping ~*~*~tactically~*~*~ (hiding).
    44 | D:5      | Noticed a hound
    45 | D:5      | Noticed an orc priest
    46 | D:5      | 46 ||| Stepping ~*~*~tactically~*~*~ (hiding).
    49 | D:5      | 49 ||| Stepping ~*~*~tactically~*~*~ (hiding).
    53 | D:5      | Noticed an orc wizard
    59 | D:5      | Killed a hound
    59 | D:5      | HP: 2/14 [orc priest/+0 short sword (2)]
    60 | D:5      | Reached skill level 3 in Axes
    60 | D:5      | Reached XP level 2. HP: 3/19 MP: 2/2
    60 | D:5      | Reached XP level 3. HP: 4/23 MP: 3/3
    61 | D:5      | Slain by an orc priest

Levels and vault maps discovered:
D:5:      layout_cave_pods, temple_green

Skill      XL: |  1 |
---------------+----+-----
Axes           | 3 |  3.3
Fighting       | |  3.2
Dodging        | |  1.5
Stealth        | |  5.4

Action                   || total
-------------------------++-------
Melee: War axe           ||    13
Armor: Leather armour    ||    14
Dodge: Dodged            ||    13

Table legend:
 A = Non-vault XP
 B = Vault XP
 C = Vault XP percentage of total XP
 D = Non-vault monster count
 E = Vault monster count
 F = Vault count percentage of total count
                 A         B        C        D         E       F
            +---------+---------+-------+---------+---------+-------
      Total |      48 |       0 |   0.0 |       2 |       0 |   0.0
            +---------+---------+-------+---------+---------+-------
        D:5 |      48 |       0 |   0.0 |       2 |       0 |   0.0
            +---------+---------+-------+---------+---------+-------
